 Dungeon Crawl Stone Soup version 0.30-a0-141-g30f27751c5 (webtiles) character file.

Game seed: 16859195877891796540

79 Zonian the Sneak (level 4, -2/23 HPs)
             Began as a Vine Stalker Brigand on Sept 26, 2022.
             Slain by a gnoll
             ... wielding a +0 spear
              (7 damage)
             ... on level 3 of the Dungeon.
             The game lasted 00:04:04 (2779 turns).

Zonian the Sneak (Vine Stalker Brigand)             Turns: 2779, Time: 00:04:05

Health: -2/23      AC:  3    Str: 14    XL:     4   Next: 38%
Magic:  0/5        EV: 12    Int: 11    God:
Gold:   118        SH:  0    Dex: 17    Spells: 3/3 levels left

rFire   . . .      SeeInvis .    a - +3 dagger
rCold   . . .      Faith    .    (no shield)
rNeg    . . .      Spirit   +    b - +0 robe
rPois   .          Reflect  .    (no helmet)
rElec   .          Harm     .    c - +0 cloak
rCorr   .          Rampage  .    (no gloves)
Will    .....                    (no boots)
Stlth   +++.......               (no amulet)
HPRegen 0.87/turn                (no ring)
MPRegen 0.09/turn                (no ring)

@: no status effects
A: fangs 2, regeneration 1, magic shield, antimagic bite, no potion heal 2
a: no special abilities


You were on level 3 of the Dungeon.
You visited 1 branch of the dungeon, and saw 3 of its levels.

You collected 118 gold pieces.

Inventory:

Hand Weapons
 a - a +3 dagger (weapon)
 g - a +2 vampiric long sword
Missiles
 d - 6 poisoned darts (quivered)
 e - 3 curare-tipped darts
 l - 5 boomerangs
Armour
 b - a +0 robe (worn)
 c - a +0 cloak (worn)
Scrolls
 f - a scroll of poison
 h - a scroll of immolation
 k - a scroll of enchant armour {unknown}
Potions
 i - a potion of cancellation
 j - a potion of magic {unknown}
 m - 2 potions of lignification
 n - a potion of ambrosia {unknown}
 o - a potion of heal wounds {unknown}


   Skills:
 + Level 2.3 Fighting
 + Level 2.3 Short Blades
 + Level 2.3 Throwing
 + Level 1.5 Dodging
 + Level 5.4 Stealth


You had 3 spell levels left.
You didn't know any spells.
Your spell library contained the following spells:

 Spells                   Type           Power      Damage    Failure   Level
 Necrotise                Necr           0%         1d4       34%         1
 Dazzling Flash           Conj/Hex       0%         N/A       71%         3
 Agony                    Necr           0%         N/A       100%        5
 Silence                  Hex/Air        0%         N/A       100%        5


Dungeon Overview and Level Annotations

Branches:
Dungeon (3/15)

Altars:
Dithmenos

Annotations:
D:2 1 runed translucent door, Crazy Yiuf


Innate Abilities, Weirdness & Mutations

You have extremely sharp teeth.
Your natural rate of healing is unusually fast.
When hurt, damage is shared between your health and your magic reserves.
Your bite disrupts and absorbs the magic of your enemies.
Potions cannot restore your health.


Message History

The gnoll is moderately wounded.
The gnoll barely misses you.
You throw a poisoned dart. The poisoned dart hits the gnoll.
The gnoll looks even sicker.
The gnoll is moderately wounded.
The gnoll closely misses you.
You throw a poisoned dart.
The poisoned dart closely misses the gnoll. x2
The poisoned dart hits the gnoll.
The gnoll is poisoned.
The gnoll hits you with a +0 club.
Unknown command.
You hit the gnoll. You bite the gnoll. You drain its power.
You feel invigorated.
The gnoll is almost dead.
The gnoll hits you with a +0 club.
You hit the gnoll but do no damage.
The gnoll is almost dead.
You kill the gnoll!
Unknown command.
You throw a poisoned dart. The poisoned dart hits the gnoll.
The gnoll is poisoned.
You throw a poisoned dart.
The poisoned dart barely misses the gnoll.
The poisoned dart hits the gnoll.
The gnoll looks even sicker.
The gnoll barely misses you.
You throw a poisoned dart.
The poisoned dart barely misses the gnoll. x2
The gnoll hits you from afar with a +0 spear.
The gnoll hits you but does no damage.
Unknown command.
You hit the gnoll.
The gnoll is moderately wounded.
The gnoll hits you from afar with a +0 spear.
The gnoll hits you with a +0 flail.
You hit the gnoll but do no damage.
The gnoll is moderately wounded.
The gnoll hits you with a +0 flail!
* * * LOW HITPOINT WARNING * * *
The gnoll hits you from afar with a +0 spear!
You die...

##.## #...# ##### .
##...#####...###....
.........#.#........
#########.§§####....
###### #.#.#.###....
.......§§._§§§...... .
########§#§#§#######....
####....#§§.#ggg@).....#
.....# #.#§##.#######.#.
###..###....g........ #
#.........g........#.## #
#.###................. #
#.# #.#..#..######.... . #
#.###....#........... ..
####.....#.........#..##.#
.........#..#..#.........


You could see 3 gnolls.

Vanquished Creatures
  A gnoll (D:3)
  2 adders (D:2)
  A worm (D:2)
  A dart slug (D:1)
  9 endoplasms
  4 giant cockroaches
  3 goblins (D:2)
  5 hobgoblins
  2 jackals (D:3)
  3 kobolds
  7 ball pythons
  3 bats
  2 frilled lizards (D:2)
  A rat (D:2)
44 creatures vanquished.

Vanquished Creatures (others)
  3 fungi (D:2)
  A plant (D:2)
4 creatures vanquished.

Grand Total: 48 creatures vanquished

Notes
Turn   | Place    | Note
-------+----------+-------------------------------------------
     0 | D:1      | Zonian the Vine Stalker Brigand began the quest for the
                  | Orb.
     0 | D:1      | Reached XP level 1. HP: 11/11 MP: 2/2
    48 | D:1      | You fall into a shaft and drop 1 floor!
   390 | D:2      | Reached skill level 1 in Dodging
   390 | D:2      | Reached XP level 2. HP: 11/15 MP: 3/3
   665 | D:2      | Reached skill level 5 in Stealth
   938 | D:1      | Reached XP level 3. HP: 18/18 MP: 2/4
  2137 | D:2      | Gained mutation: Your natural rate of healing is unusually
                  | fast. [Vine Stalker growth]
  2137 | D:2      | Reached XP level 4. HP: 23/23 MP: 5/5
  2192 | D:2      | Found a faded altar of an unknown god.
  2200 | D:2      | Got Plato's Precepts of the Crypt
  2350 | D:2      | Found a runed translucent door.
  2351 | D:2      | Noticed Crazy Yiuf
  2749 | D:3      | Found a shadowy altar of Dithmenos.
  2779 | D:3      | Slain by a gnoll

Illustrated notes

Levels and vault maps discovered:
D:1:      grunt_arrival_crossed_arrows, layout_basic, minmay_misc_feat_x
D:2:      layout_loops_ring, shapermc_ecumenical_altar_rom_forum,
          uniq_crazy_yiuf_cottage
D:3:      layout_basic, grunt_dithmenos_smoke_and_mirrors, serial_shops,
          nicolae_shop_window_shopping, grunt_decor_cap, grunt_ministairs_1

Skill      XL: |  1  2 |
---------------+-------+-----
Dodging        | 1 |  1.5
Stealth        | 5 |  5.4
Fighting       | 2 |  2.3
Short Blades   | 2 |  2.3
Throwing       | 2 |  2.3

Action                   |  1- 3 |  4- 6 || total
-------------------------+-------+-------++-------
Melee: Dagger            |    77 |    26 ||   103
       Bite              |    18 |     4 ||    22
       Punch             |     1 |       ||     1
Throw: Dart              |     8 |     6 ||    14
  Use: Scroll            |     5 |     4 ||     9
 Stab: Sleeping          |     9 |     4 ||    13
Armor: Robe              |    18 |     4 ||    22
Dodge: Dodged            |    29 |    18 ||    47

Table legend: (Time is in decaauts)
 A = Elapsed time spent in this place.
 B = Non-inter-level travel time spent in this place.
 C = Inter-level travel time spent in this place.
 D = Time resting spent in this place.
 E = Time spent auto-exploring this place.
 F = Levels seen in this place.
 G = Mean time per level.
                   A        B        C        D        E       F      G
               +--------+--------+--------+--------+--------+-----+--------+
         Total |   2766 |   2692 |     74 |    703 |   1443 |   3 |  922.0 |
       Dungeon |   2766 |   2692 |     74 |    703 |   1443 |   3 |  922.0 |
               +--------+--------+--------+--------+--------+-----+--------+

Top non-repeatable levels by time:
     D:2: 1525 daAuts
     D:1: 1001 daAuts
     D:3: 239 daAuts
